Map: Solaris LE

Players

ONSYDESolar (Solar) - Winner!

  • Race: Zerg Zerg
  • League: Master
  • Spawn Location: 1:00

Creator

  • Race: Protoss Protoss
  • Spawn Location: 7:00

VOD

Have the link to the VOD?

Description

Time

  • Played on: Nov. 27, 2023, 6:11 a.m.
  • Length: 16:26
Show
View Real Time Build Order
Export as new Build Order

ONSYDESolar Zerg - Winner!

Build Orders: Hatch First 

Get SALT Encoding   

  12  0:00  Drone  
  13  0:12  Overlord  
  13  0:17  Drone  
  14  0:40  Hatchery  
  13  0:44  Drone  
  13  0:49  Drone  
  15  0:52  Drone  
  15  0:56  Drone  
  17  1:06  Drone  
  17  1:10  Extractor  
  17  1:17  Spawning Pool  
  16  1:21  Drone  
  17  1:28  Drone  
  18  1:37  Drone  
  19  1:49  Drone  
  20  1:54  Drone  
  20  1:59  Overlord  
  21  2:04  Queen x2  
  21  2:06  Zergling x2  
  26  2:10  Zergling x2  
  26  2:14  Drone  
  28  2:18  Metabolic Boost  
  28  2:21  Drone  
  29  2:25  Drone  
  30  2:33  Drone  
  31  2:42  Hatchery  
  30  2:48  Queen  
  32  2:53  Overlord  
  32  2:55  Drone  
  33  2:58  Zergling x2  
  33  2:59  Zergling x2  
  33  3:03  Drone  
  36  3:10  Queen  
  36  3:12  Drone x2  
  40  3:17  Drone x2  
  40  3:19  Zergling x2  
  40  3:28  Drone  
  40  3:31  Overlord  
  41  3:35  Queen  
  41  3:39  Drone  
  44  3:44  Overlord  
  44  3:50  Drone x4  
  44  3:55  Drone x2  
  46  4:03  Queen  
  46  4:05  Drone  
  46  4:07  Drone  
  46  4:09  Drone  
  51  4:11  Drone  
  51  4:12  Drone  
  53  4:17  Queen  
  53  4:20  Drone  
  53  4:21  Drone  
  57  4:24  Spore Crawler  
  57  4:28  Overlord  
  56  4:31  Drone x2  
  56  4:33  Drone x2  
  56  4:35  Drone  
  61  4:38  Drone x2  
  61  4:40  Drone  
  61  4:43  Drone  
  65  4:46  Overlord  
  65  4:51  Drone  
  65  4:54  Spore Crawler, Overlord  
  65  4:56  Overlord  
  65  4:59  Drone  
  65  5:00  Lair  
  65  5:04  Overlord  
  65  5:06  Drone x3  
  65  5:10  Drone x2  
  65  5:12  Drone x2  
  66  5:15  Drone  
  66  5:18  Extractor  
  66  5:19  Drone x2  
  66  5:20  Drone, Extractor  
  68  5:21  Drone  
  68  5:24  Drone  
  68  5:25  Drone  
  71  5:32  Roach Warren  
  71  5:33  Drone  
  71  5:34  Drone x2  
  73  5:35  Drone  
  73  5:36  Drone x2  
  73  5:39  Zergling x6  
  79  5:43  Drone x3  
  79  5:44  Overlord  
  79  5:48  Drone x2  
  79  5:49  Overlord  
  84  5:52  Drone  
  84  5:55  Extractor  
  84  5:57  Extractor  
  84  5:58  Drone  
  84  6:02  Overseer, Evolution Chamber  
  82  6:04  Hatchery  
  82  6:06  Drone  
  82  6:07  Drone x2  
  82  6:08  Drone  
  80  6:12  Glial Reconstitution  
  80  6:15  Overlord  
  80  6:19  Roach x3  
  80  6:21  Drone x2  
  80  6:23  Drone x2  
  90  6:27  Overlord  
  90  6:30  Zerg Missile Weapons Level 1  
  90  6:32  Roach x2  
  94  6:35  Drone  
  94  6:36  Drone, Infestation Pit  
  94  6:37  Drone  
  95  6:42  Drone x4  
  95  6:43  Unknown  
  95  6:46  Roach x2  
  102  6:48  Overlord  
  102  6:49  Drone  
  103  6:54  Roach x3  
  103  6:57  Zergling x4  
  103  6:58  Zergling x2  
  112  7:02  Overlord  
  111  7:08  Zergling x2  
  111  7:09  Zergling x2  
  111  7:10  Baneling Nest  
  111  7:11  Overlord  
  111  7:12  Drone  
  111  7:13  Drone x2  
  111  7:14  Hive  
  115  7:15  Drone  
  115  7:16  Drone  
  115  7:18  Overseer  
  115  7:21  Drone x3  
  115  7:22  Ravager x3  
  123  7:23  Ravager  
  123  7:25  Drone  
  123  7:26  Drone  
  126  7:32  Overlord  
  126  7:36  Roach x2  
  130  7:37  Overlord  
  130  7:40  Zergling x2  
  130  7:41  Zergling x6  
  134  7:44  Zergling x6  
  134  7:46  Roach  
  134  7:49  Roach x2  
  142  7:51  Hatchery  
  142  7:56  Centrifugal Hooks  
  142  7:57  Overlord  
  141  8:01  Zergling x18  
  141  8:04  Overlord  
  150  8:11  Zergling x2  
  150  8:12  Zergling x16  
  157  8:18  Roach  
  157  8:19  Roach  
  161  8:24  Zergling x10  
  161  8:25  Zergling x4  
  161  8:26  Viper  
  167  8:33  Viper  
  171  8:35  Zerg Melee Weapons Level 1  
  171  8:37  Ravager x3  
  171  8:39  Overlord x2  
  174  8:41  Overlord  
  174  8:44  Overlord  
  174  8:46  Overlord  
  174  8:48  Ravager  
  170  8:49  Roach  
  170  8:50  Roach x2  
  170  8:51  Overlord  
  170  8:53  Baneling  
  170  8:54  Baneling x19  
  174  8:57  Overlord  
  174  8:59  Roach  
  174  9:00  Roach  
  174  9:01  Zergling x2  
  176  9:03  Ravager  
  170  9:10  Zergling x2  
  170  9:11  Zergling x14  
  170  9:14  Roach x2  
  166  9:23  Zergling x12  
  166  9:28  Zergling x10  
  158  9:32  Zergling x6  
  158  9:34  Zergling x4  
  158  9:36  Zergling x2  
  164  9:38  Roach  
  164  9:39  Zergling x4  
  163  9:49  Drone  
  163  9:50  Drone x6  
  163  9:51  Ravager  
  163  9:52  Baneling x9, Ravager  
  172  9:53  Baneling  
  172  10:01  Zergling x10  
  172  10:03  Baneling x5  
  177  10:07  Queen  
  177  10:08  Zergling x6  
  177  10:11  Zergling x6  
  178  10:17  Zergling x10  
  178  10:19  Roach x2  
  187  10:23  Zergling x4  
  187  10:26  Baneling x2  
  189  10:29  Zerg Melee Weapons Level 2, Adrenal Glands  
  189  10:32  Roach x3  
  189  10:33  Zergling x4  
  197  10:36  Zergling x4  
  199  10:45  Zergling x4  
  196  10:50  Zergling x6  
  196  10:53  Zergling x2  
  196  10:55  Zergling x6  
  196  10:56  Zergling x12  
  200  10:58  Baneling x2  
  197  11:04  Baneling x2  
  197  11:05  Baneling x5  
  197  11:06  Zergling x6  
  197  11:07  Evolution Chamber  
  197  11:11  Ultralisk Cavern  
  197  11:13  Zergling x10  
  197  11:14  Zergling x2  
  190  11:28  Zergling x28  
  176  11:33  Zergling x8  
  176  11:35  Roach x3  
  176  11:38  Zerg Missile Weapons Level 2  
  184  11:40  Zergling x8  
  184  11:43  Baneling x14, Zergling x2  
  184  11:44  Zergling x4  
  184  11:45  Ravager  
  191  11:48  Zergling x8  
  191  11:52  Zergling x2  
  191  11:54  Roach x3  
  180  12:04  Roach x2  
  180  12:05  Zergling x6  
  180  12:06  Chitinous Plating  
  180  12:07  Zergling x8  
  183  12:08  Baneling  
  183  12:09  Baneling x7  
  183  12:11  Zergling x4  
  183  12:13  Zergling x2  
  183  12:14  Zergling x10  
  191  12:19  Zergling x4  
  191  12:21  Zergling x8  
  194  12:25  Hatchery  
  194  12:28  Zergling x4  
  195  12:31  Baneling x8  
  195  12:33  Zergling x6  
  195  12:37  Zergling x2  
  197  12:41  Zergling x8  
  194  12:47  Zergling x10  
  187  12:52  Ultralisk x2  
  187  12:56  Zergling x8  
  190  12:58  Zergling x2  
  190  12:59  Zergling x2  
  190  13:02  Zerg Ground Armor Level 1  
  192  13:07  Zergling x8  
  192  13:10  Ravager x2  
  191  13:18  Zergling x8, Ultralisk  
  191  13:19  Zergling x2  
  199  13:20  Baneling x3  
  199  13:28  Baneling x6  
  199  13:29  Baneling x3  
  196  13:47  Ultralisk  
  196  13:48  Zergling x2  
  198  13:56  Spine Crawler, Zergling x4  
  198  13:57  Spine Crawler  
  198  13:58  Spine Crawler  
  198  14:02  Ultralisk  
  195  14:04  Zergling x8  
  197  14:13  Zergling x4  
  199  14:18  Zergling x4  
  199  14:19  Ultralisk Cavern, Zergling x2  
  200  14:31  Baneling x2  
  200  14:32  Baneling  
  199  14:46  Hatchery  
  199  14:49  Zergling x8  
  199  14:50  Zergling x30  
  199  14:51  Zergling x2  
  192  14:55  Zergling x22  
  192  14:58  Zergling x6  
  192  14:59  Zergling x2  
  154  15:08  Zergling x12, Ultralisk x4  
  154  15:12  Zergling x4  
  160  15:15  Roach  
  167  15:21  Zergling x4, Ultralisk  
  167  15:24  Zergling x2  
  167  15:25  Zergling x2  
  167  15:27  Baneling x7  
  171  15:29  Zergling x4  
  171  15:33  Ultralisk  
  172  15:36  Zergling x6  
  172  15:40  Baneling x10  
  172  15:42  Zergling x2  
  172  15:43  Zergling x6  
  172  15:44  Zergling x2  
  172  15:47  Baneling  
  176  15:50  Zergling x10  
  176  15:53  Baneling x5  
  176  15:55  Zergling x2  
  157  16:04  Zergling x2  
  157  16:05  Zergling x14  
Show
View Real Time Build Order
Export as new Build Order

Creator Protoss 

Build Orders: 1 Gate Expand, Oracle Opening 

Get SALT Encoding   

  12  0:00  Probe  
  13  0:13  Pylon  
  13  0:17  Probe (Chrono Boost)  
  14  0:26  Probe (Chrono Boost)  
  15  0:31  Probe (Chrono Boost)  
  16  0:37  Gateway  
  16  0:43  Probe  
  16  0:47  Assimilator  
  17  0:55  Probe  
  18  1:08  Probe  
  19  1:20  Probe  
  19  1:25  Nexus  
  20  1:34  Cybernetics Core  
  20  1:36  Probe  
  21  1:42  Assimilator  
  21  1:49  Probe  
  21  1:52  Pylon  
  22  2:01  Probe  
  23  2:08  Adept (Chrono Boost)  
  23  2:13  Probe  
  26  2:17  Stargate  
  26  2:25  Warp Gate, Probe  
  26  2:27  Adept (Chrono Boost)  
  29  2:37  Probe (Chrono Boost)  
  29  2:43  Probe (Chrono Boost)  
  31  2:46  Probe (Chrono Boost)  
  31  2:50  Adept, Probe (Chrono Boost)  
  35  2:55  Probe  
  36  3:00  Oracle (Chrono Boost)  
  36  3:01  Probe  
  40  3:10  Probe  
  41  3:13  Probe  
  41  3:14  Pylon  
  42  3:24  Adept  
  42  3:28  Probe x2  
  42  3:35  Gateway  
  42  3:39  Void Ray (Chrono Boost)  
  42  3:40  Probe x2  
  48  3:45  Pylon  
  48  3:52  Probe x2  
  50  4:02  Assimilator  
  50  4:04  Assimilator, Probe x2  
  50  4:06  Oracle (Chrono Boost), Pylon  
  55  4:13  Adept  
  57  4:23  Nexus, Probe  
  57  4:24  Probe  
  59  4:31  Pylon  
  59  4:36  Oracle, Probe x2  
  64  4:48  Twilight Council  
  64  4:49  Forge, Probe  
  64  4:50  Probe  
  66  5:02  Probe x2  
  68  5:14  Probe x2  
  69  5:18  Gateway  
  69  5:19  Pylon  
  69  5:21  Blink  
  70  5:23  Shield Battery  
  70  5:26  Probe (Chrono Boost)  
  70  5:27  Protoss Ground Weapons Level 1 (Chrono Boost)  
  70  5:28  Probe (Chrono Boost)  
  72  5:29  Sentry  
  72  5:30  Stalker  
  72  5:33  Robotics Facility  
  77  5:35  Probe (Chrono Boost)  
  77  5:38  Probe (Chrono Boost)  
  79  5:44  Probe x2 (Chrono Boost)  
  79  5:45  Probe (Chrono Boost)  
  79  5:49  Probe (Chrono Boost)  
  81  5:50  Probe  
  81  5:52  Probe  
  81  5:55  Assimilator  
  84  5:57  Pylon  
  84  5:58  Assimilator, Sentry  
  84  6:01  Probe  
  84  6:02  Probe  
  84  6:04  Pylon  
  88  6:05  Probe  
  89  6:13  Probe  
  89  6:14  Probe  
  89  6:17  Probe  
  92  6:19  Stalker x2  
  97  6:27  Observer, Robotics Bay  
  97  6:28  Robotics Facility  
  97  6:35  Gateway x2  
  97  6:38  Gateway  
  97  6:39  Stalker  
  99  6:40  Gateway  
  99  6:43  Pylon  
  99  6:45  Warp Prism (Chrono Boost)  
  99  6:46  Gateway  
  101  7:01  Photon Cannon  
  101  7:04  Stalker x3  
  107  7:13  Pylon  
  107  7:14  Photon Cannon  
  107  7:17  Colossus (Chrono Boost)  
  107  7:18  Extended Thermal Lance (Chrono Boost), Colossus (Chrono Boost)  
  119  7:23  Protoss Ground Weapons Level 2 (Chrono Boost)  
  119  7:24  Pylon  
  119  7:25  Pylon  
  119  7:34  Stalker x3  
  119  7:35  Stalker  
  127  7:42  Pylon  
  125  7:45  Zealot x2  
  129  7:58  Shield Battery  
  141  8:08  Stalker x4  
  137  8:13  Stalker x4  
  145  8:23  Pylon  
  145  8:26  Gateway  
  145  8:38  Stalker x5  
  145  8:39  Stalker  
  157  8:52  Warp Prism  
  127  9:17  Stalker x4  
  127  9:18  Stalker x4  
  136  9:27  Colossus (Chrono Boost)  
  119  9:42  Stalker x5  
  119  9:43  Stalker  
  119  9:44  Colossus (Chrono Boost)  
  130  9:50  Stalker x3  
  137  10:04  Nexus  
  137  10:06  Sentry  
  137  10:07  Zealot, Sentry x3  
  141  10:09  Stalker  
  141  10:13  Pylon, Colossus (Chrono Boost)  
  155  10:30  Pylon  
  155  10:32  Observer (Chrono Boost), Pylon x2  
  155  10:33  Stalker x2  
  155  10:34  Stalker x2  
  164  10:36  Stalker, Sentry  
  159  10:58  Stalker x6  
  171  11:15  Stalker x3  
  177  11:29  Stalker x2  
  177  11:30  Stalker x2  
  169  11:34  Stalker x4  
  177  11:42  Stalker  
  177  11:56  Stalker x2  
  157  12:02  Stalker x5  
  157  12:03  Stalker x3  
  157  12:07  Colossus (Chrono Boost)  
  165  12:13  Unknown  
  171  12:16  Shield Battery  
  171  12:17  Shield Battery, Photon Cannon  
  171  12:24  Colossus (Chrono Boost)  
  171  12:25  Zealot, Protoss Ground Armor Level 1 (Chrono Boost)  
  171  12:26  Zealot  
  181  12:33  Zealot, Stalker  
  183  12:38  Stalker x3  
  179  12:49  Zealot  
  179  12:55  Colossus (Chrono Boost)  
  173  13:02  Photon Cannon  
  179  13:07  Sentry  
  181  13:13  Sentry  
  181  13:17  Nexus  
  189  13:26  Stalker  
  191  13:30  Stalker  
  191  13:34  Colossus (Chrono Boost)  
  193  13:36  Templar Archives  
  193  13:37  Charge, Zealot x2  
  193  13:38  Zealot x2  
  193  13:39  Zealot  
  191  13:43  Zealot x3  
  191  13:45  Observer, Pylon  
  191  13:46  Shield Battery  
  191  13:47  Pylon  
  196  13:48  Pylon  
  196  14:09  Immortal (Chrono Boost)  
  200  14:11  Psionic Storm  
  186  14:20  High Templar x2  
  186  14:22  Pylon  
  180  14:27  Gateway  
  180  14:30  High Templar  
  180  14:31  Gateway, High Templar  
  188  14:35  Immortal (Chrono Boost)  
  188  14:40  Immortal (Chrono Boost)  
  188  14:46  Archon  
  188  14:50  Zealot x2  
  188  14:51  Zealot x2  
  176  14:55  Archon  
  135  15:01  Stalker x2  
  123  15:07  Stalker x2  
  108  15:16  High Templar x3  
  108  15:17  High Templar  
  116  15:21  Archon x2  
  116  15:25  Zealot, High Templar x2  
  122  15:29  Archon  
  122  15:33  Zealot  
  122  15:34  Zealot  
  126  15:41  Stalker  
  92  16:08  Stalker x4, Zealot  
Tags
 
Add a new tag
Caveats
  • Supply blocks, unpowered buildings, or Contaminate may cause inaccurate times.
  • Supply counts are checked every 10 seconds.